 Dungeon Crawl Stone Soup version 0.28-a0-1510-gd0f6b136d3 (webtiles) character file.

Game seed: 18106229209396558978

795 hashsling the Ducker (level 7, -2/35 HPs)
             Began as a Spriggan Arcane Marksman on Jan 15, 2022.
             Slain by a wyvern zombie (16 damage)
             ... on level 5 of the Dungeon.
             The game lasted 00:20:56 (3326 turns).

hashsling the Ducker (Spriggan Arcane Marksman)     Turns: 3326, Time: 00:20:57

Health: -2/35      AC:  0    Str: 11    XL:     7   Next: 58%
Magic:  19/19      EV: 20    Int: 23    God:
Gold:   142        SH:  0    Dex: 18    Spells: 8/9 levels left

rFire   . . .      SeeInvis +   b - +9 dagger "Jit Usouk" {venom, *Corrode +Blink Str+5 Int+9}
rCold   . . .      Faith    .   (no shield)
rNeg    . . .      Spirit   .   s - +2 robe {Will+}
rPois   .          Reflect  .   (helmet restricted)
rElec   .          Harm     .   (no cloak)
rCorr   .          Rampage  .   (gloves unavailable)
Will    ++...                   (boots unavailable)
Stlth   +++.......              l - amulet of regeneration
HPRegen 0.91/turn               n - ring of magical power
MPRegen 0.16/turn               (no ring)

@: corroded, very quick
A: very small, no large weapons, unfitting armour, see invisible, speed 3
a: Evoke Blink


You were on level 5 of the Dungeon.
You visited 1 branch of the dungeon, and saw 5 of its levels.

You collected 216 gold pieces.
You spent 74 gold pieces at shops.

Inventory:

Hand Weapons
 a - a +0 shortbow
 b - the +9 dagger "Jit Usouk" (weapon) {venom, *Corrode +Blink Str+5 Int+9}
   (You found it on level 2 of the Dungeon)

   It poisons the flesh of those it strikes.
   Str:       It affects your strength (+5).
   Int:       It affects your intelligence (+9).
   +Blink:    It lets you blink.
   *Corrode:  It may corrode you when you take damage.
Missiles
 c - 38 arrows
Armour
 s - a +2 robe of willpower (worn)
Magical Staves
 k - a staff of air
Jewellery
 i - an amulet of faith
 l - an amulet of regeneration (around neck)
 n - a ring of magical power (left hand)
Scrolls
 d - a scroll of silence {unknown}
 e - 2 scrolls of noise
 m - 2 scrolls of vulnerability {unknown}
 o - a scroll of identify
 p - a scroll of enchant weapon {unknown}
 q - a scroll of fog {unknown}
 r - a scroll of immolation {unknown}
 t - a scroll of teleportation
Potions
 f - 2 potions of flight {unknown}
 g - 2 potions of heal wounds
 h - a potion of degeneration {unknown}
 j - 3 potions of curing {unknown}


   Skills:
 + Level 2.9 Fighting
 * Level 5.3 Short Blades
 - Level 4.1 Bows
 + Level 5.7 Dodging
 + Level 4.5 Stealth
 - Level 1.7 Spellcasting
 - Level 3.8 Hexes


You had 8 spell levels left.
You knew the following spells:

 Your Spells              Type           Power      Damage    Failure   Level
a - Slow                  Hex            76%        N/A       2%          1

Your spell library contained the following spells:

 Spells                   Type           Power      Damage    Failure   Level
 Apportation              Tloc           2%         N/A       13%         1
 Inner Flame              Hex/Fire       10%        N/A       19%         3
 Portal Projectile        Hex/Tloc       20%        N/A       19%         3
 Cause Fear               Hex            9%         N/A       28%         4
 Alistair's Intoxication  Tmut/Pois      0%         N/A       98%         5


Dungeon Overview and Level Annotations

Branches:
Dungeon (5/15)
 Temple: D:4-7

Altars:

Shops:
D:4 [*


Innate Abilities, Weirdness & Mutations

You are very small and have problems with some larger weapons.
You are too small for most types of armour.
You have supernaturally acute eyesight. (SInv)
You cover ground extremely quickly. (Speed+++)


Message History

You hit the wyvern zombie.
The wyvern zombie is moderately damaged.
Hit: b) +9 dagger "Jit Usouk" {venom, *Corrode +Blink Str+5 Int+9}
Press: ? - help, Dir - move target, f/p - wyvern zombie
Aim: a wyvern zombie (moderately damaged, about 14% to evade the +9 dagger "Jit Usouk")
You hit the wyvern zombie.
The wyvern zombie is heavily damaged.
The wyvern zombie completely misses you.
Hit: b) +9 dagger "Jit Usouk" {venom, *Corrode +Blink Str+5 Int+9}
Press: ? - help, Dir - move target, f/p - wyvern zombie
Aim: a wyvern zombie (heavily damaged, about 14% to evade the +9 dagger "Jit Usouk")
You barely miss the wyvern zombie.
The wyvern zombie is heavily damaged.
The wyvern zombie barely misses you.
Hit: b) +9 dagger "Jit Usouk" {venom, *Corrode +Blink Str+5 Int+9}
Press: ? - help, Dir - move target, f/p - wyvern zombie
Aim: a wyvern zombie (heavily damaged, about 14% to evade the +9 dagger "Jit Usouk")
You hit the wyvern zombie but do no damage.
The wyvern zombie is heavily damaged.
The wyvern zombie barely misses you.
Hit: b) +9 dagger "Jit Usouk" {venom, *Corrode +Blink Str+5 Int+9}
Press: ? - help, Dir - move target, f/p - wyvern zombie
Aim: a wyvern zombie (heavily damaged, about 14% to evade the +9 dagger "Jit Usouk")
You hit the wyvern zombie.
The wyvern zombie is heavily damaged.
The wyvern zombie misses you.
Hit: b) +9 dagger "Jit Usouk" {venom, *Corrode +Blink Str+5 Int+9}
Press: ? - help, Dir - move target, f/p - wyvern zombie
Aim: a wyvern zombie (heavily damaged, about 14% to evade the +9 dagger "Jit Usouk")
You barely miss the wyvern zombie.
The wyvern zombie is heavily damaged.
The wyvern zombie bites you!
Hit: b) +9 dagger "Jit Usouk" {venom, *Corrode +Blink Str+5 Int+9}
Press: ? - help, Dir - move target, f/p - wyvern zombie
Aim: a wyvern zombie (heavily damaged, about 14% to evade the +9 dagger "Jit Usouk")
You hit the wyvern zombie.
The wyvern zombie is severely damaged.
The wyvern zombie bites you! The wyvern zombie bites you!
You die...

#..####.# #..##....
#....... ...#...
#..##.# #..##.#
.#.########..##.##.#
.............Z@....#
#.......##..#######
#######.##..#
#..........#
#.####.##..# #.##..#
#.....# #.###.## #.#
#..#


You could see a wyvern zombie.

Vanquished Creatures
  A hornet (D:4)
  A water moccasin (D:5)
  An ogre (D:5)
  2 phantoms (D:4)
  A gnoll shaman (D:4)
  Jessica (D:2)
  An iguana (D:4)
  8 gnolls
  2 adders
  A worm (D:3)
  2 dart slugs (D:1)
  6 orcs
  7 ball pythons
  8 endoplasms
  2 giant cockroaches (D:1)
  5 goblins
  5 hobgoblins
  5 jackals
  9 kobolds
  5 quokkas
  4 bats
  A frilled lizard (D:1)
  9 rats
87 creatures vanquished.

Vanquished Creatures (others)
  4 plants (D:1)
  6 withered plants (D:1)
10 creatures vanquished.

Grand Total: 97 creatures vanquished

Notes
Turn   | Place    | Note
-------+----------+-------------------------------------------
     0 | D:1      | hashsling the Spriggan Arcane Marksman began the quest for
                  | the Orb.
     0 | D:1      | Reached XP level 1. HP: 9/9 MP: 3/3
   127 | D:1      | Reached skill level 1 in Fighting
   165 | D:1      | Reached XP level 2. HP: 14/14 MP: 5/5
   364 | D:1      | Found a faded altar of an unknown god.
   697 | D:1      | Reached XP level 3. HP: 18/18 MP: 6/6
  1295 | D:2      | Noticed Jessica
  1307 | D:2      | Killed Jessica
  1308 | D:2      | Reached skill level 1 in Short Blades
  1308 | D:2      | Reached XP level 4. HP: 22/22 MP: 7/7
  1316 | D:2      | Identified the +9 dagger "Jit Usouk" {venom, *Corrode
                  | +Blink Str+5 Int+9}
  1913 | D:3      | Reached XP level 5. HP: 18/25 MP: 8/8
  2425 | D:4      | Noticed a phantom
  2443 | D:4      | Killed a phantom
  2444 | D:4      | Reached skill level 1 in Stealth
  2588 | D:4      | Reached XP level 6. HP: 14/29 MP: 9/9
  2733 | D:4      | Found Iqoghae's Antique Armour Shop.
  2744 | D:4      | Bought a runed robe for 74 gold pieces
  2875 | D:4      | Noticed a hornet
  2921 | D:4      | Killed a hornet
  2922 | D:4      | Reached skill level 5 in Dodging
  2922 | D:4      | Reached XP level 7. HP: 35/35 MP: 10/10
  2953 | D:4      | Found Jid Hius's Neck Hole.
  3192 | D:5      | Entered Level 5 of the Dungeon
  3254 | D:5      | Reached skill level 5 in Short Blades
  3326 | D:5      | Slain by a wyvern zombie

Illustrated notes

Levels and vault maps discovered:
D:1:      minmay_arrival_arboretum_large, layout_rooms,
          shapermc_ecumenical_altar_flowoftime, kennysheep_pointless_box,
          minmay_vboxes
D:2:      layout_basic, minmay_misc_feat_plants, uniq_jessica
D:3:      layout_rooms
D:4:      layout_rooms, serial_shops, nicolae_diamond_shop,
          nicolae_shop_sticking_my_neck_out
D:5:      layout_loops_ring, serial_shops, nicolae_stop_n_shop_2

Skill      XL: |  1  2  3  4  5  6  7 |
---------------+----------------------+-----
Fighting       | 1 2 |  2.9
Bows           | 3 4 |  4.1
Dodging        | 3 4 5 |  5.7
Short Blades   | 1 2 3 4 5 |  5.3
Stealth        | 2 3 4 |  4.5
Spellcasting   | |  1.7
Hexes          | |  3.8

Action                   |  1- 3 |  4- 6 |  7- 9 || total
-------------------------+-------+-------+-------++-------
Melee: Dagger            |   101 |    63 |    24 ||   188
       Club              |     5 |       |       ||     5
       Punch             |     2 |     1 |       ||     3
       Short sword       |    15 |     2 |       ||    17
 Fire: Shortbow          |    62 |    68 |     9 ||   139
 Abil: Evoke Blink       |       |     2 |       ||     2
  Use: Scroll            |       |     3 |       ||     3
 Stab: Sleeping          |     1 |       |     1 ||     2
Armor: Robe              |    17 |     5 |     2 ||    24
Dodge: Dodged            |   135 |    52 |     9 ||   196

Table legend: (Time is in decaauts)
 A = Elapsed time spent in this place.
 B = Non-inter-level travel time spent in this place.
 C = Inter-level travel time spent in this place.
 D = Time resting spent in this place.
 E = Time spent auto-exploring this place.
 F = Levels seen in this place.
 G = Mean time per level.
                   A        B        C        D        E       F      G
               +--------+--------+--------+--------+--------+-----+--------+
         Total |   2462 |   2404 |     58 |    249 |   1341 |   5 |  492.4 |
       Dungeon |   2462 |   2404 |     58 |    249 |   1341 |   5 |  492.4 |
               +--------+--------+--------+--------+--------+-----+--------+

Top non-repeatable levels by time:
     D:1: 1080 daAuts
     D:4: 569 daAuts
     D:2: 368 daAuts
     D:3: 357 daAuts
     D:5: 87 daAuts
